Map: King's Cove LE

Players

Snute

  • Race: Zerg Zerg
  • Spawn Location: 5:00

TIME (Oliveira) - Winner!

  • Race: Terran Terran
  • Spawn Location: 11:00

Event: 2019 WCS Spring

VOD

Have the link to the VOD?

Description

Time

  • Played on: May 17, 2019, 10:04 a.m.
  • Length: 19:39

All games in this series

Show
View Real Time Build Order
Export as new Build Order

Snute Zerg 

Build Orders: Pool First 

Get SALT Encoding   

  12  0:00  Drone  
  13  0:12  Overlord  
  13  0:17  Drone  
  14  0:30  Drone x2  
  14  0:34  Drone  
  17  0:45  Spawning Pool  
  17  0:48  Drone  
  17  1:10  Hatchery  
  16  1:12  Drone  
  16  1:15  Drone  
  18  1:30  Extractor  
  18  1:32  Zergling x4  
  19  1:34  Queen  
  19  1:39  Overlord  
  21  1:49  Drone  
  22  2:00  Drone  
  23  2:09  Queen  
  23  2:13  Drone  
  26  2:23  Queen  
  26  2:24  Drone x2  
  30  2:30  Metabolic Boost  
  30  2:34  Overlord  
  30  2:36  Drone  
  31  2:41  Drone  
  31  2:42  Drone  
  31  2:43  Drone  
  33  2:46  Drone  
  33  2:48  Drone  
  34  2:54  Drone  
  35  2:58  Overlord  
  35  3:06  Drone x2  
  37  3:18  Drone x2  
  37  3:19  Drone x5  
  45  3:20  Drone  
  45  3:28  Overlord  
  45  3:34  Zergling x2  
  46  3:37  Queen  
  46  3:39  Overlord  
  46  3:40  Zergling x2  
  49  3:47  Drone  
  49  3:48  Hatchery, Drone  
  50  3:49  Drone  
  50  3:51  Drone  
  50  3:52  Drone  
  50  3:55  Drone x2  
  55  3:58  Drone  
  55  4:02  Lair, Extractor  
  55  4:05  Evolution Chamber  
  55  4:07  Drone  
  55  4:09  Drone  
  56  4:13  Drone  
  57  4:17  Queen  
  57  4:22  Roach Warren  
  57  4:23  Extractor x2  
  56  4:26  Spore Crawler, Drone x2  
  56  4:27  Drone  
  56  4:30  Drone  
  56  4:31  Drone  
  60  4:35  Zerg Ground Armor Level 1  
  60  4:39  Zergling x4  
  60  4:43  Overlord  
  62  4:50  Overlord  
  62  4:53  Spore Crawler, Drone  
  62  4:57  Drone x3  
  65  5:02  Roach  
  65  5:03  Roach  
  69  5:10  Queen x2  
  69  5:13  Spore Crawler  
  71  5:17  Glial Reconstitution  
  71  5:20  Infestation Pit  
  70  5:21  Zergling x2  
  70  5:22  Zergling x2  
  70  5:24  Roach  
  70  5:25  Roach  
  76  5:29  Spore Crawler  
  76  5:35  Roach x3  
  80  5:49  Roach x6  
  90  5:58  Overlord x2  
  90  6:09  Overlord  
  90  6:10  Overlord  
  90  6:12  Overlord  
  90  6:16  Overlord  
  90  6:17  Drone  
  90  6:18  Drone x5  
  96  6:19  Drone  
  96  6:24  Zergling x4  
  96  6:25  Zergling x2  
  98  6:34  Zergling x10  
  100  6:44  Drone x3  
  100  6:47  Drone  
  98  6:50  Drone x5  
  100  7:00  Drone x2  
  96  7:03  Drone  
  96  7:04  Drone x3  
  96  7:11  Drone  
  96  7:12  Drone  
  96  7:13  Extractor x2  
  88  7:17  Drone x3  
  79  7:23  Roach x2, Hatchery  
  79  7:26  Overseer  
  79  7:29  Infestor x2  
  85  7:30  Zerg Ground Armor Level 2  
  85  7:33  Evolution Chamber, Infestor  
  86  7:39  Evolution Chamber  
  86  7:41  Infestor x2  
  86  7:44  Ravager x2  
  91  7:48  Roach x3  
  97  7:52  Roach x2  
  97  7:53  Roach  
  97  7:56  Spore Crawler  
  102  8:01  Drone  
  102  8:03  Zerg Missile Weapons Level 1  
  103  8:11  Drone x2  
  103  8:12  Drone x2  
  107  8:13  Drone x2  
  107  8:15  Drone x4  
  107  8:17  Drone x2  
  116  8:20  Drone x2  
  116  8:21  Extractor  
  116  8:23  Burrow  
  116  8:24  Extractor  
  116  8:25  Ravager x3  
  116  8:26  Ravager x2  
  120  8:27  Overlord x2  
  120  8:28  Overlord  
  119  8:38  Roach x4  
  107  8:50  Drone  
  107  8:51  Drone x6  
  109  8:59  Roach x2  
  109  9:00  Roach  
  112  9:07  Drone x3  
  112  9:09  Drone  
  115  9:13  Drone x2  
  117  9:18  Infestor x4, Drone  
  117  9:19  Drone  
  117  9:20  Drone  
  117  9:21  Drone  
  117  9:22  Drone  
  122  9:27  Drone x4  
  126  9:34  Hive  
  126  9:37  Spire  
  125  9:41  Roach x2  
  129  9:50  Drone x3  
  129  9:51  Infestor x3  
  138  9:56  Roach x3  
  138  9:58  Zerg Missile Weapons Level 2  
  144  10:04  Roach x2  
  144  10:05  Hydralisk Den  
  147  10:09  Ravager x3  
  148  10:24  Roach x9, Infestor x7  
  148  10:25  Roach x2  
  167  10:31  Overlord x2  
  167  10:32  Overlord  
  167  10:33  Ravager  
  168  10:38  Grooved Spines  
  168  10:43  Overlord  
  168  10:44  Overlord  
  168  10:47  Zerg Ground Armor Level 3  
  168  10:49  Greater Spire  
  168  10:53  Drone  
  168  10:54  Drone x2  
  168  10:55  Drone  
  168  11:11  Viper x2  
  168  11:14  Zergling x2  
  168  11:15  Zergling x28  
  189  11:22  Hatchery  
  188  11:26  Hatchery  
  188  11:28  Corruptor x4  
  195  11:43  Corruptor x2  
  199  11:48  Spore Crawler x2  
  199  11:51  Muscular Augments  
  195  12:01  Brood Lord x2  
  191  12:12  Brood Lord  
  191  12:13  Brood Lord  
  173  12:21  Zergling x32  
  182  12:24  Queen x3  
  182  12:33  Brood Lord x2  
  174  12:42  Roach x6  
  175  12:46  Overseer, Drone x4  
  177  12:54  Drone x2  
  177  12:55  Drone x2  
  181  13:04  Zerg Missile Weapons Level 3  
  180  13:05  Drone x3  
  180  13:06  Drone  
  183  13:21  Hydralisk x3  
  183  13:22  Spore Crawler, Hatchery  
  187  13:33  Hydralisk x3  
  187  13:34  Hydralisk x4  
  194  13:48  Zerg Flyer Armor Level 1  
  194  13:49  Zerg Melee Weapons Level 1  
  194  13:54  Hydralisk x3, Hatchery  
  196  14:06  Hydralisk x3  
  199  14:22  Adrenal Glands  
  176  14:56  Hydralisk x14  
  163  15:08  Roach  
  163  15:09  Roach x4, Queen x2  
  163  15:10  Queen  
  159  15:18  Hydralisk  
  159  15:19  Hydralisk x3  
  145  15:28  Viper  
  135  15:33  Viper  
  141  15:37  Roach x5  
  141  15:38  Roach  
  153  15:43  Hatchery  
  153  15:45  Zerg Melee Weapons Level 2  
  148  15:51  Hydralisk x2  
  148  15:52  Hydralisk  
  148  15:54  Drone  
  155  16:02  Infestor x3  
  155  16:06  Hydralisk x5  
  155  16:09  Ravager  
  166  16:16  Corruptor  
  166  16:17  Corruptor  
  170  16:26  Corruptor x2  
  174  16:35  Corruptor  
  177  16:50  Brood Lord x2  
  181  16:58  Brood Lord  
  183  17:03  Corruptor  
  183  17:07  Hatchery  
  182  17:14  Viper  
  176  17:23  Brood Lord  
  176  17:29  Spore Crawler  
  178  17:30  Queen x2  
  178  17:33  Queen x2  
  178  17:35  Ravager  
  180  17:37  Hatchery  
  129  17:47  Hydralisk x8  
  124  18:03  Infestor  
  124  18:10  Hatchery  
  119  18:21  Infestor  
  119  18:22  Infestor x3  
  127  18:29  Roach x5  
  137  18:38  Roach x3  
  143  18:48  Infestor x2  
  147  18:57  Roach x4  
  157  19:10  Roach x4  
  157  19:13  Overlord  
Show
View Real Time Build Order
Export as new Build Order

TIME Terran - Winner!

Build Orders: Hellion Opening, Reaper Expand 

Get SALT Encoding   

  12  0:00  SCV  
  13  0:13  SCV  
  14  0:18  Supply Depot  
  14  0:25  SCV  
  15  0:40  SCV  
  15  0:41  Barracks  
  16  0:45  Refinery  
  16  0:52  SCV  
  17  1:04  SCV  
  18  1:16  SCV  
  19  1:28  Reaper  
  19  1:29  Orbital Command  
  20  1:43  Command Center  
  20  1:51  Supply Depot  
  20  1:54  SCV  
  20  2:00  Marine  
  22  2:06  SCV  
  23  2:09  Factory  
  23  2:13  Refinery  
  23  2:18  SCV  
  23  2:22  Barracks Reactor  
  24  2:30  SCV  
  25  2:42  SCV  
  26  2:53  Starport  
  26  2:55  SCV  
  27  3:02  Hellion x2  
  31  3:06  Orbital Command  
  31  3:08  Marine  
  31  3:12  SCV  
  33  3:24  Hellion x2  
  33  3:26  Marine  
  38  3:27  Supply Depot  
  38  3:29  SCV  
  39  3:36  Fusion Core  
  39  3:39  SCV  
  40  3:43  Starport Tech Lab  
  40  3:44  SCV  
  41  3:50  Hellion  
  41  3:53  SCV  
  44  3:56  SCV, Hellion  
  44  4:01  Supply Depot  
  47  4:05  SCV  
  47  4:08  SCV  
  49  4:18  SCV  
  49  4:23  Battlecruiser  
  57  4:24  SCV  
  57  4:27  Supply Depot  
  57  4:31  Hellion  
  59  4:34  Hellion  
  59  4:36  SCV  
  62  4:41  Barracks Tech Lab  
  62  4:48  SCV  
  62  4:50  Supply Depot  
  62  4:51  SCV  
  64  5:00  SCV  
  64  5:01  Marine  
  64  5:03  Command Center  
  66  5:07  Factory Reactor  
  66  5:10  SCV  
  66  5:12  Supply Depot  
  67  5:17  Stimpack  
  67  5:18  Barracks x2  
  67  5:21  Marine  
  67  5:24  SCV  
  69  5:34  SCV  
  70  5:38  Engineering Bay x2  
  70  5:39  Refinery x2  
  70  5:42  Starport Reactor  
  70  5:48  Marine  
  70  5:49  SCV  
  72  5:51  SCV  
  73  6:01  SCV  
  73  6:03  SCV, Siege Tank  
  78  6:06  Terran Infantry Weapons Level 1, Terran Infantry Armor Level 1  
  78  6:08  Marine x2  
  78  6:10  Marine  
  81  6:13  SCV  
  81  6:14  Marine  
  81  6:15  Supply Depot  
  83  6:19  Orbital Command  
  83  6:23  Marine  
  84  6:30  Medivac x2  
  84  6:32  SCV  
  89  6:34  Marine  
  89  6:37  Marine  
  91  6:41  Orbital Command  
  91  6:46  Marine  
  88  6:48  Siege Tank  
  88  6:51  Marine  
  88  6:52  SCV  
  89  6:55  Liberator x2  
  89  6:56  Marine  
  83  7:01  Marine  
  83  7:06  Marine  
  83  7:07  Marine  
  80  7:09  Marine  
  80  7:14  SCV, Marine  
  86  7:16  SCV  
  86  7:17  Barracks  
  86  7:18  Barracks  
  86  7:19  Marine  
  85  7:23  Siege Tank  
  85  7:24  SCV  
  85  7:26  SCV  
  85  7:28  SCV  
  85  7:29  Marine  
  92  7:33  Marine  
  93  7:44  Supply Depot  
  93  7:46  Supply Depot  
  93  7:55  SCV x3, Marine x3  
  93  7:56  Marine  
  100  8:05  Medivac x2, Siege Tank  
  107  8:07  SCV x2  
  107  8:12  Barracks Reactor x2  
  109  8:13  Refinery  
  109  8:14  Refinery  
  109  8:15  Marine  
  109  8:17  SCV  
  109  8:19  SCV x2  
  113  8:20  Supply Depot  
  113  8:22  Armory, Supply Depot  
  113  8:24  Marine  
  114  8:28  Marine  
  114  8:30  Combat Shield  
  114  8:32  SCV  
  114  8:33  Marine  
  117  8:38  SCV  
  117  8:39  Marine  
  117  8:40  Marine  
  117  8:42  Siege Tank  
  117  8:43  Marine  
  117  8:46  Marine  
  119  8:50  Medivac  
  119  8:51  Marine  
  119  8:52  Medivac  
  119  8:53  Marine  
  119  8:54  SCV, Marine x2  
  119  8:55  SCV x2  
  125  8:58  Marine  
  125  8:59  Marine  
  121  9:03  Marine  
  121  9:04  Marine x2  
  121  9:06  Command Center  
  121  9:07  SCV x3  
  127  9:11  Terran Infantry Weapons Level 2  
  124  9:17  Terran Infantry Armor Level 2  
  124  9:19  SCV, Marine x2  
  124  9:20  Marine  
  124  9:23  Marauder  
  130  9:26  Marine x2  
  132  9:33  Siege Tank  
  132  9:34  Supply Depot  
  132  9:35  SCV x2  
  132  9:36  SCV  
  132  9:37  Supply Depot  
  138  9:41  Marine x2  
  140  9:46  Marine  
  141  9:53  Terran Vehicle Weapons Level 1  
  141  9:55  SCV, Medivac x2, Factory  
  141  9:56  Marauder, SCV  
  141  9:58  Marine  
  141  9:59  SCV  
  151  10:00  Supply Depot  
  151  10:02  Supply Depot  
  151  10:03  Marine x2  
  153  10:07  SCV  
  154  10:16  Marine x2  
  154  10:18  Marine x2  
  154  10:20  Marine  
  149  10:21  Siege Tank  
  149  10:24  Marine x2  
  149  10:25  Planetary Fortress, SCV x2  
  149  10:26  SCV  
  149  10:29  Liberator, Marine  
  149  10:32  Liberator  
  149  10:34  Marine x2  
  152  10:37  SCV  
  152  10:38  SCV x2  
  152  10:39  Marine x2  
  152  10:40  Barracks x2  
  152  10:41  Marine, Barracks  
  152  10:42  Marine  
  159  10:44  Factory Tech Lab  
  165  10:51  Marine  
  165  10:53  Marine x2  
  166  11:06  Marine  
  166  11:07  Marine  
  166  11:08  Siege Tank x2  
  166  11:10  Marine  
  166  11:11  Marauder, Marine x2  
  179  11:14  Supply Depot  
  179  11:15  Supply Depot  
  179  11:22  Marine  
  180  11:31  Command Center, Barracks Tech Lab x3  
  182  11:33  Marauder  
  182  11:39  Medivac x2  
  186  11:45  Fusion Core, Starport, Refinery  
  186  11:46  Refinery  
  186  11:47  Starport  
  186  11:49  Terran Infantry Weapons Level 3  
  187  11:54  Marauder  
  187  11:59  Terran Infantry Armor Level 3, Liberator x2  
  184  12:09  Marine  
  184  12:11  Marine x2  
  184  12:12  Marauder, Marine  
  184  12:15  Marauder, Marine  
  180  12:24  Marauder, Marine x2  
  180  12:26  Marauder, Marine  
  180  12:27  Marine  
  181  12:37  Starport Reactor, Starport Tech Lab  
  165  12:45  Terran Ship Weapons Level 1  
  165  12:47  Ghost Academy  
  165  12:50  Planetary Fortress  
  159  12:59  Viking, Marine x2  
  159  13:00  Marauder x3, Marine  
  159  13:01  Marine  
  159  13:03  Viking  
  159  13:05  Marine  
  176  13:06  Marine  
  176  13:12  Refinery  
  177  13:13  Refinery  
  177  13:18  Viking  
  177  13:19  Viking, Ghost  
  183  13:20  Ghost  
  183  13:21  Marine x2  
  183  13:22  Marine x3  
  183  13:24  SCV x2  
  183  13:25  Ghost  
  194  13:27  Command Center, Ghost  
  194  13:34  Viking  
  192  13:43  Viking x2  
  192  13:46  Marine x3  
  198  14:02  Command Center  
  197  14:05  Concussive Shells  
  197  14:09  Marauder, Marine  
  200  14:20  Advanced Ballistics  
  200  14:27  Command Center  
  196  14:44  Viking  
  195  14:48  Viking  
  191  14:53  Viking  
  177  15:01  Viking x2, Marine x2  
  177  15:02  Marauder  
  177  15:03  Marauder, Marine x3  
  177  15:04  Liberator  
  177  15:06  Marine x2  
  177  15:07  Marauder  
  173  15:12  Marauder, Marine  
  173  15:14  Viking  
  159  15:19  Siege Tank, Marine x2  
  159  15:21  Liberator x2, Marine x3  
  153  15:23  Marauder  
  153  15:24  Marine x2  
  153  15:25  Marauder  
  153  15:27  Siege Tank  
  153  15:28  Marauder  
  148  15:30  Marine  
  148  15:34  Marauder  
  148  15:35  Orbital Command  
  151  15:37  Marine x2  
  151  15:38  Marine x2  
  151  15:39  Orbital Command, Marine  
  151  15:42  Marine x2  
  162  15:44  Marauder  
  162  15:46  SCV x2, Marauder  
  168  15:52  Terran Ship Weapons Level 2, Liberator  
  168  15:55  Liberator  
  168  15:56  Armory  
  168  15:58  Command Center  
  168  15:59  Marauder, Marine x6  
  168  16:00  Marauder, Liberator  
  168  16:04  Planetary Fortress  
  178  16:05  Liberator  
  178  16:06  Marauder  
  178  16:07  Marine  
  178  16:08  Marauder, Marine  
  187  16:16  Marine  
  187  16:17  Marine  
  195  16:21  Marauder  
  200  16:27  Liberator  
  200  16:34  Liberator  
  200  16:37  Liberator  
  194  16:48  Personal Cloaking  
  199  17:05  Marine  
  199  17:07  Liberator x2  
  194  17:20  Command Center  
  192  17:24  Liberator  
  192  17:25  Siege Tank  
  192  17:29  Refinery  
  196  17:33  Liberator x2  
  193  17:43  Marine x2  
  166  17:44  Marauder  
  166  17:48  Marine x3  
  166  17:50  Marine x3  
  147  17:51  Siege Tank  
  147  17:59  Ghost x3  
  147  18:01  Marine x2  
  147  18:02  Siege Tank, Liberator x2  
  147  18:05  Marauder, Marine x2  
  150  18:06  Marine  
  150  18:08  Marine x2  
  150  18:10  Marine  
  156  18:14  Nuke, SCV, Refinery x2  
  156  18:15  SCV x2, Command Center  
  156  18:19  Marine x2  
  167  18:23  Marine x2  
  167  18:27  Marauder  
  169  18:28  Marauder x3  
  169  18:29  Marine x3  
  169  18:32  Medivac x2, Marine  
  169  18:33  Medivac  
  185  18:35  Planetary Fortress  
  185  18:37  Marine x2  
  187  18:43  Command Center  
  187  18:48  Marauder, Marine x2  
  189  18:50  Marauder x3  
  189  18:51  Marine x2  
  189  18:55  Marine  
  200  19:27  Ghost Academy  
  200  19:29  Ghost Academy  
  197  19:31  Ghost Academy  
Tags
 
Add a new tag
Caveats
  • Supply blocks, unpowered buildings, or Contaminate may cause inaccurate times.
  • Supply counts are checked every 10 seconds.